 Dungeon Crawl Stone Soup version 0.28-a0-1435-g82390b3a13 (webtiles) character file.

Game seed: 11134688138000137520

26 HallandMoats the Skirmisher (level 2, -2/24 HPs)
             Began as a Demonspawn Fighter on Jan 9, 2022.
             Slain by Sigmund (5 damage)
             ... on level 2 of the Dungeon.
             The game lasted 00:00:57 (1150 turns).

HallandMoats the Skirmisher (Demonspawn Fighter)    Turns: 1150, Time: 00:00:58

Health: -2/24      AC:  6    Str: 16    XL:     2   Next: 89%
Magic:  2/2        EV:  9    Int:  9    God:
Gold:   68         SH:  0    Dex: 12    Spells: 1/1 levels left

rFire   + . .      SeeInvis .   b - +1 dagger (venom)
rCold   . . .      Faith    .   c - +0 buckler
rNeg    . . .      Spirit   .   i - +0 scale mail
rPois   .          Reflect  .   (no helmet)
rElec   .          Harm     .   (no cloak)
rCorr   .          Rampage  .   (no gloves)
Will    .....                   (no boots)
Stlth   ..........              h - amulet of regeneration
HPRegen 0.88/turn               f - ring of protection from fire
MPRegen 0.16/turn               (no ring)

@: confused, mighty
A: magic regeneration
a: no special abilities


You were on level 2 of the Dungeon.
You visited 1 branch of the dungeon, and saw 2 of its levels.

You collected 68 gold pieces.

Inventory:

Hand Weapons
 a - a +0 war axe
 b - a +1 dagger of venom (weapon)
Armour
 c - a +0 buckler (worn)
 i - a +0 scale mail (worn)
Jewellery
 f - a ring of protection from fire (left hand)
 h - an amulet of regeneration (around neck)
Scrolls
 e - 2 scrolls of brand weapon {unknown}
Potions
 g - 2 potions of brilliance {unknown}


   Skills:
 * Level 3.3 Fighting
 * Level 2.3 Axes
 + Level 2.8 Armour
 + Level 0.5 Dodging
 + Level 2.8 Shields


You had one spell level left.
You didn't know any spells.
Your spell library was empty.

Dungeon Overview and Level Annotations

Branches:
Dungeon (2/15)

Altars:

Annotations:
D:2 Sigmund


Innate Abilities, Weirdness & Mutations

You regenerate magic rapidly.


Message History

The goblin shouts!
You hear a shout!
The goblin unwields a +0 dagger.
The goblin wields a +0 hunting sling.
The goblin shoots a stone.
You block the stone.
Sigmund the Dreaded comes into view.
He is wielding a +0 scythe.
There are monsters nearby!
There are monsters nearby!
A bat comes into view.
A giant cockroach comes into view.
You block Sigmund's attack.
There are monsters nearby!
The bat hits you but does no damage.
The goblin shoots a stone.
The stone hits you.
There are monsters nearby!
Sorry, you're not good enough to have a special ability.
You feel very mighty all of a sudden.
The goblin shoots a stone.
The stone hits you but does no damage.
Sigmund drinks a potion.
Sigmund suddenly seems more resistant.
You closely miss Sigmund.
The goblin shoots a stone.
You block the stone. Sigmund hits you with a +0 scythe!
The goblin shoots a stone.
The stone completely misses you.
You barely miss Sigmund. Sigmund barely misses you.
You puncture Sigmund!
Sigmund is moderately wounded.
The giant cockroach barely misses you.
You barely miss Sigmund.
Sigmund is moderately wounded.
The giant cockroach closely misses you. The bat hits you but does no damage.
Sigmund hits you with a +0 scythe! The giant cockroach closely misses you.
You completely miss Sigmund.
Sigmund is moderately wounded.
The bat barely misses you.
The goblin unwields a +0 hunting sling.
The goblin wields a +0 dagger.
The goblin hits you with a +0 dagger.
* * * LOW HITPOINT WARNING * * *
Sigmund points at you and mumbles some strange words.
You are confused.
The giant cockroach barely misses you.
The goblin unwields a +0 dagger.
The goblin wields a +0 hunting sling.
The goblin shoots a stone.
The stone hits you.
* * * LOW HITPOINT WARNING * * *
Sigmund hits you from afar with a +0 scythe.
You die...

#.# #...##
##.###..#..##
##......###..##
...#.#### ##..#
##### #.....#
##.## #.....
<.#.#.# #..##
#...... .##.#.#
##..# .......
.. .#.>
##.##.......
....##.#
#.@Bg......
....# .#
###b.......
....# #.@......
....# ##.......
....# .......
....... .......
....... .......


You could see Sigmund (resistant), a giant cockroach, a goblin and a bat.

Vanquished Creatures
  A dart slug (D:1)
  3 endoplasms (D:1)
  A giant cockroach (D:1)
  5 goblins (D:1)
  2 hobgoblins (D:1)
  2 quokkas (D:1)
  3 bats (D:1)
  A frilled lizard (D:1)
  A kobold (D:1)
  2 rats (D:1)
21 creatures vanquished.

Notes
Turn   | Place    | Note
-------+----------+-------------------------------------------
     0 | D:1      | HallandMoats the Demonspawn Fighter began the quest for the
                  | Orb.
     0 | D:1      | Reached XP level 1. HP: 18/18 MP: 1/1
   337 | D:1      | Gained mutation: You regenerate magic rapidly. [demonic
                  | ancestry]
   337 | D:1      | Reached XP level 2. HP: 18/24 MP: 2/2
  1140 | D:2      | Noticed Sigmund
  1150 | D:2      | Slain by Sigmund

Illustrated notes

Levels and vault maps discovered:
D:1:      matt_arrival_spirals, layout_loops_corners
D:2:      minmay_diamond_boxcup, layout_rooms, uniq_sigmund

Skill      XL: |  1 |
---------------+----+-----
Axes           | 2 |  2.3
Fighting       | |  3.3
Armour         | |  2.8
Dodging        | |  0.5
Shields        | |  2.8

Action                   || total
-------------------------++-------
Melee: War axe           ||    40
       Dagger            ||    38
  Use: Potion            ||     1
Armor: Scale mail        ||    35
Dodge: Dodged            ||    44
Block: Buckler           ||    22

Table legend: (Time is in decaauts)
 A = Elapsed time spent in this place.
 B = Non-inter-level travel time spent in this place.
 C = Inter-level travel time spent in this place.
 D = Time resting spent in this place.
 E = Time spent auto-exploring this place.
 F = Levels seen in this place.
 G = Mean time per level.
                   A        B        C        D        E       F      G
               +--------+--------+--------+--------+--------+-----+--------+
         Total |   1167 |   1140 |     27 |      0 |    933 |   2 |  583.5 |
       Dungeon |   1167 |   1140 |     27 |      0 |    933 |   2 |  583.5 |
               +--------+--------+--------+--------+--------+-----+--------+

Top non-repeatable levels by time:
     D:1: 1130 daAuts
     D:2: 37 daAuts
